AoeStats
← adolfo_jay

Arena

506798365Analyzed
4v4 RM · 18d ago on Sep 15, 2026· 40m 46s· 8 players
Game mode
Random Map
Map size
Large (8 player)
Population
200
Speed
Normal
Resources
Standard
Victory
Conquest
Starting age
Dark Age
Ending age
Imperial Age
RankedLock teamsTeams togetherTeam positionsShared explorationLock speedFull tech treeHidden civsTurbo modeCheats
Victory
Defeat
🇨🇳 Franks · China
1265
+12
🇲🇽 Portuguese · Mexico
1210
+14
🇩🇪 Maya · Germany
1196
+15
🇲🇽 Jurchens · Mexico
1130
+17
🇹🇼 Britons · Taiwan
1275
-20
🇦🇷 Celts · Argentina
1211
-16
🇦🇷 Mongols · Argentina
1090
-11
🇦🇷 Romans · Argentina
1085
-11
Juanchi
11:38 Feudal Age
15:54 Castle Age
13:40 Loom
14:21 Horse Collar
14:27 Double-Bit Axe
18:29 Town Watch
25:50 Gold Mining
27:06 Wheelbarrow
26:10 Man-at-Arms
26:36 Gambesons
28:16 Hand Cart
28:12 Long Swordsman
31:31 Scale Mail Armor
34:25 Imperial Age
32:10 Heavy Plow
32:36 Caravan
34:02 Chain Mail Armor
34:12 Pikeman
35:36 Plate Mail Armor
35:19 Furor Celtica
35:29 Conscription
34:31 Two-Handed Swordsman
34:40 Capped Ram
35:15 Elite Skirmisher
35:36 Siege Ram
36:08 Arson
36:57 Champion
37:50 Forging
37:19 Halberdier
40:10 Iron Casting
adolfo_jay
10:37 Feudal Age
9:44 Loom
14:56 Castle Age
13:12 Double-Bit Axe
14:22 Horse Collar
16:44 Bow Saw
17:22 Heavy Plow
20:44 Town Watch
22:06 Wheelbarrow
22:44 Gold Mining
23:53 Hand Cart
24:45 Gold Shaft Mining
29:14 Imperial Age
27:10 Stone Mining
27:32 Husbandry
27:43 Bloodlines
27:51 Town Patrol
28:18 Scale Barding Armor
28:24 Forging
29:38 Chain Barding Armor
30:47 Crop Rotation
31:02 Iron Casting
30:26 Cavalier
31:47 Plate Barding Armor
34:35 Blast Furnace
36:58 Chemistry
35:55 Murder Holes
36:05 Siege Engineers
39:08 Squires
38:29 Pikeman
39:14 Scale Mail Armor
39:04 Fletching
39:15 Padded Archer Armor
Khuga
3:31 Loom
11:06 Feudal Age
12:05 Feudal Age
12:44 Double-Bit Axe
12:41 Horse Collar
16:04 Castle Age
16:31 Wheelbarrow
17:08 Bow Saw
17:07 Heavy Plow
24:07 Scale Barding Armor
24:42 Forging
26:58 Husbandry
29:26 Chain Barding Armor
29:42 Iron Casting
34:30 Hand Cart
34:51 Gold Mining
37:47 Bloodlines
39:08 Scale Mail Armor
pasonnosap
11:34 Feudal Age
15:41 Castle Age
13:50 Double-Bit Axe
14:58 Horse Collar
15:11 Stone Mining
19:00 Fletching
20:14 Bodkin Arrow
21:06 Loom
22:18 Padded Archer Armor
31:02 Gold Mining
31:40 Leather Archer Armor
33:21 Wheelbarrow
33:49 Bow Saw
kama.Kroxa
11:33 Feudal Age
16:21 Castle Age
15:21 Horse Collar
16:17 Bloodlines
16:20 Forging
16:16 Scale Barding Armor
17:55 Chain Barding Armor
31:10 Iron Casting
34:03 Wheelbarrow
35:32 Double-Bit Axe
37:13 Bow Saw
39:40 Imperial Age
37:59 Fortified Wall
40:06 Elite Steppe Lancer
41:24 Plate Barding Armor
41:50 Blast Furnace
41:46 Conscription
CryZon
10:42 Feudal Age
15:34 Castle Age
20:24 Double-Bit Axe
20:31 Horse Collar
21:19 Loom
24:06 Heavy Plow
27:34 Bow Saw
28:09 Wheelbarrow
27:19 Town Watch
32:59 Imperial Age
31:13 Hand Cart
31:38 Squires
31:23 Arson
31:03 Eagle Warrior
32:24 Ballistics
32:35 Thumb Ring
32:38 Hul'che Javelineers
33:30 Town Patrol
33:31 Fletching
33:42 Padded Archer Armor
33:46 Scale Mail Armor
34:15 Forging
35:16 Two-Man Saw
35:05 Crop Rotation
36:04 Chemistry
35:14 Murder Holes
35:46 Fortified Wall
35:47 Masonry
35:46 Pikeman
36:54 Elite Eagle Warrior
38:25 Leather Archer Armor
38:25 Chain Mail Armor
38:46 Iron Casting
38:06 Bodkin Arrow
ODIN
13:01 Feudal Age
14:20 Loom
17:17 Castle Age
16:28 Double-Bit Axe
23:33 Fletching
26:00 Wheelbarrow
32:35 Imperial Age
37:02 Pikeman
38:27 Conscription
38:22 Forging
37:34 Halberdier
38:47 Fortified Wall
38:44 Scale Mail Armor
41:04 Iron Casting
鱼鱼
9:54 Feudal Age
13:31 Castle Age
11:59 Double-Bit Axe
19:09 Bow Saw
21:52 Wheelbarrow
23:44 Stone Mining
25:06 Gold Mining
26:09 Hand Cart
29:08 Imperial Age
27:36 Scale Barding Armor
27:42 Forging
28:39 Gold Shaft Mining
28:47 Chain Barding Armor
29:32 Iron Casting
28:49 Loom
28:49 Town Watch
29:27 Husbandry
29:11 Cavalier
29:53 Chivalry
30:13 Conscription
30:30 Plate Barding Armor
30:24 Paladin
32:21 Blast Furnace
Connection lost

Rejoining the realm…

Still unreachable

The connection could not be restored.

Session expired

The server has moved on; the page needs a fresh start.